 Dungeon Crawl Stone Soup version 0.31-a0-180-g519b7de00c (webtiles) character file.

Game seed: 9581222396699264002

76431 qw the Severer (level 15, 49/49 HPs)
             Began as a Gargoyle Fighter on June 19, 2023.
             Was a Follower of Okawaru.
             Quit the game in the Ecumenical Temple on June 20, 2023.
             The game lasted 00:59:23 (52401 turns).

qw the Severer (Gargoyle Fighter)                  Turns: 52401, Time: 00:59:24

Health: 49/49      AC: 33    Str: 35    XL:     15   Next: 53%
Magic:  22/22      EV: 14    Int:  7    God:    Okawaru [*.....]
Gold:   1300       SH:  5    Dex:  7    Spells: 14/14 levels left

rFire   + . .        k - +6 war axe (vamp)
rCold   + . .        c - +0 buckler
rNeg    + . .        x - +1 plate armour {rC+}
rPois   inf          b - +1 helmet
rElec   +            h - +0 cloak
rCorr   .            z - +0 pair of gloves
SInv    +            (no boots)
Will    +....        (no amulet) Stlth
                     w - +5 ring of evasion
HPRegen 0.28/turn    q - ring of see invisible
MPRegen 0.18/turn

%: no passive effects
@: flying
A: sickness immunity, AC +11, big wings, negative energy resistance 1,
electricity resistance, torment resistance 1, petrification resistance, fire
resistance 1, mutation resistance 1, strong 2
a: Renounce Religion, Heroism


You were in the Ecumenical Temple.
You worshipped Okawaru.
Okawaru was aware of your devotion.
You visited 3 branches of the dungeon, and saw 21 of its levels.
You also visited: Sewer.

You collected 1552 gold pieces.
You spent 252 gold pieces at shops.


Innate Abilities, Weirdness & Mutations

You are immune to sickness and miasma.
Your stone body is resilient. (AC +11)
You are immune to poison.
Your large and strong wings let you fly.
You resist negative energy. (rN+)
You are resistant to electric shocks. (rElec)
You are resistant to unholy torment.
You are immune to petrification.
Your flesh is heat resistant. (rF+)
You are somewhat resistant to further mutation.
Your muscles are very strong. (Str +8, Int/Dex -2)


   Skills:
 + Level 13.7 Fighting
 - Level 16.0 Axes
 - Level 5.0 Throwing
 - Level 12.2 Armour
 - Level 3.2 Dodging
 - Level 9.0 Shields
 - Level 10.0 Invocations


You had 14 spell levels left.
You didn't know any spells.
Your spell library was empty.

Inventory:

Hand Weapons
 k - a +6 vampiric war axe (weapon)
 D - the +2 broad axe "Siaf" {flame, Str+3 Dex+3}
   (Okawaru gifted it to you on level 14 of the Dungeon)

   Str:       It affects your strength (+3).
   Dex:       It affects your dexterity (+3).
Missiles
 t - a silver boomerang (quivered)
Armour
 b - a +1 helmet (worn)
 c - a +0 buckler (worn)
 h - a +0 cloak (worn)
 p - the +2 ring mail of Jigsaw {rCorr Int+2}
   (You found it on level 13 of the Dungeon)

   Int:       It affects your intelligence (+2).
   rCorr:     It protects you from acid and corrosion.
 v - +0 fire dragon scales
 x - a +1 plate armour of cold resistance (worn)
 y - the +3 chain mail "Reczixt" {rF+}
   (Okawaru gifted it to you on level 5 of the Lair of Beasts)

   rF:        It protects you from fire.
 z - a +0 pair of gloves (worn)
Jewellery
 q - a ring of see invisible (right hand)
 u - a ring of protection from fire
 w - a +5 ring of evasion (left hand)
 A - a +6 ring of dexterity
Wands
 j - a wand of digging (7)
Scrolls
 e - 2 scrolls of brand weapon
 n - 15 scrolls of identify
Potions
 a - 2 potions of enlightenment
 d - 5 potions of might
 f - a potion of lignification
 g - 2 potions of magic
 i - 5 potions of heal wounds
 l - 4 potions of attraction
 m - 4 potions of mutation
 o - 2 potions of curing
 r - a potion of cancellation
 s - 2 potions of haste

Dungeon Overview and Level Annotations

Branches:
Dungeon (15/15) Zot: 236   Temple (1/1) D:7            Lair (5/5) D:11
 Shoals (0/4) Lair:3       Spider (0/4) Lair:2        Slime (0/5) Lair:4
 Vaults (0/5) D:13         Depths (0/4) D:15          Sewer (visited)
    Orc: D:9-12

Altars:
Ashenzari
Cheibriados
Dithmenos
Elyvilon
Fedhas
Gozag
Hepliaklqana
Kikubaaqudgha
Makhleb
Nemelex Xobeh
Okawaru
Qazlal
Ru
Sif Muna
Trog
Uskayaw
Vehumet
Wu Jian
Xom
Yredelemnul
Zin
The Shining One

Shops:
D:6 (   D:8 :(

Annotations:
D:1 1 transporter
D:6 2 transporters, qw's ghost, novice NaHu
D:10 exclusion: orc wizard
D:14 3 runed translucent doors, qw's ghost, journeyman GrFi
Lair:5 2 runed translucent doors


Message History

52401 ||| Memory count is 4551.6591796875
Enter note:
52401 ||| Updated map in block 4 with 497 cells remaining
52401 ||| Memory count is 5753.6962890625
Enter note:
52401 ||| Updated map in block 5 with 329 cells remaining
52401 ||| Memory count is 6802.7666015625
Enter note:
52401 ||| Updated map in block 6 with 281 cells remaining
52401 ||| Memory count is 5711.099609375
Enter note:
52401 ||| Updated map in block 7 with 160 cells remaining
52401 ||| Memory count is 6734.5625
Enter note:
52401 ||| Resetting both maps for all distance maps
52401 ||| Creating permanent distance map at 0,0 (exit_temple)
52401 ||| Propagating distance map at 0,0 (exit_temple) with 1 update positions
52401 ||| Propagated block 1 with 75 positions remaining
52401 ||| Memory count is 7864.17578125
Enter note:
52401 ||| Propagated block 2 with 103 positions remaining
52401 ||| Memory count is 8380.0390625
Enter note:
52401 ||| Propagated block 3 with 124 positions remaining
52401 ||| Memory count is 8916.2421875
Enter note:
52401 ||| Propagated block 4 with 86 positions remaining
52401 ||| Memory count is 9425.84765625
Enter note:
52401 ||| Propagated block 5 with 70 positions remaining
52401 ||| Memory count is 9920.806640625
Enter note:
52401 ||| Propagated block 6 with 37 positions remaining
52401 ||| Memory count is 10413.173828125
Enter note:
52401 ||| Goal status: D:1-11;
52401 ||| Goal branch: D, depth: 8
52401 ||| Travel branch: D, depth: 8;
52401 ||| First dir: -1
52401 ||| Want stash travel: false;
52401 ||| Want go travel: true
52401 ||| Disable autoexplore: false Are you sure you want to abandon this character and quit the game? (Confirm with "yes".)

............8.......8............
.................................
...._......................._....
.................................
................_................
.................................
.........._..........._..........
.................................
.._.............@............._..
.................................
~..........._......._...........¤
¤¤.............................~~
~¤¤...._................._....¤¤¤
¤¤¤~...¤.....................¤~~¤
~¤¤~~..........._...........~~~~~
~¤~~¤~.....................~~~¤~¤
~~~~¤~~..._..........._...¤~~~~~¤


There were no monsters in sight!

Vanquished Creatures
  Rupert (D:15)
  2 fire dragons (D:15)
  6 hydras
  Harold (D:11)
  2 centaur warriors (D:14)
  3 two-headed ogres
  A tengu warrior (D:14)
  A death knight (D:15)
  4 death yaks (Lair:5)
  Nergalle (Lair:1)
  5 skeletal warriors
  4 skysharks
  A wizard (D:15)
  A phantasmal warrior (D:15)
  2 lindwurms
  3 deep elf pyromancers
  A harpy (Lair:3)
  24 ugly things (D:14)
  3 cyclopes
  3 manticores
  12 elephants
  An eye of devastation (shapeshifter) (D:13)
  A gargoyle (D:14)
  7 molten gargoyles
  8 cane toads
  12 black mambas
  9 komodo dragons
  2 rime drakes
  An efreet (D:15)
  A kobold demonologist (D:10)
  A freezing wraith (D:15)
  6 trolls
  A wind drake (shapeshifter) (D:14)
  3 polar bears
  A merfolk (D:11)
  3 hornets
  8 blink frogs (Lair:3)
  Grinder (D:3)
  11 dream sheep
  2 vampires (D:13)
  4 wraiths
  3 jumping spiders (Lair:2)
  7 wyverns
  2 culicivoras (Lair:2)
  A shadow (D:7)
  6 humans (D:10)
  25 yaks
  A fire bat (shapeshifter) (D:14)
  A redback (Lair:2)
  5 steam dragons
  13 vampire mosquitoes
  9 basilisks
  Menkaure (D:7)
  3 acid dragons
  8 water moccasins
  4 hell hounds (Lair:5)
  8 orc warriors
  Pargi (Sewer)
  5 sky beasts
  3 black bears
  4 centaurs
  11 wolves
  2 phantoms
  4 kobold brigands
  Blork the orc (D:6)
  12 bullfrogs
  2 gnoll sergeants
  A scorpion (D:6)
  3 wights (D:6)
  9 killer bees
  4 electric eels
  10 howler monkeys
  3 hounds (D:7)
  5 lava snakes (Lair:5)
  7 jellies
  A gnoll bouda (D:7)
  8 orc priests
  2 sleepcaps
  Jessica (D:2)
  7 iguanas
  12 orc wizards
  Robin (D:2)
  11 adders
  15 gnolls
  2 white imps
  3 worms
  A dart slug (D:3)
  54 orcs
  14 ball pythons
  5 bats
  5 endoplasms
  2 giant cockroaches (D:2)
  20 goblins
  10 hobgoblins
  3 jackals (D:5)
  6 quokkas
  5 frilled lizards
  20 kobolds
  5 rats
561 creatures vanquished.

Vanquished Creatures (others)
  A manticore (D:15)
  Maurice (D:11)
2 creatures vanquished.

Grand Total: 563 creatures vanquished

Notes
Turn   | Place    | Note
-------+----------+-------------------------------------------
     0 | D:1      | qw the Gargoyle Fighter began the quest for the Orb.
     0 | D:1      | Reached XP level 1. HP: 14/14 MP: 1/1
     0 | D:1      | 0 ||| qw: Version: 0.3-a-7-ge0c9b40
     0 | D:1      | 0 ||| qw: Game counter: 1107
     0 | D:1      | 0 ||| qw: Always use a shield: true
     0 | D:1      | 0 ||| qw: God list: Okawaru
     0 | D:1      | 0 ||| qw: Allow faded altars: false
     0 | D:1      | 0 ||| qw: Do Orc after D:15 true
     0 | D:1      | 0 ||| qw: Do second Lair branch before Depths: true
     0 | D:1      | 0 ||| qw: Lair rune preference: random
     0 | D:1      | 0 ||| qw: Plans: Normal, Zot:1-4, Slime:5, God:TSO, Crypt,
                  | Tomb, Abyss, Pan, Hells, Win
     0 | D:1      | 0 ||| PLANNING D:1-11
    71 | D:1      | Reached skill level 2 in Axes
   178 | D:1      | Reached XP level 2. HP: 14/19 MP: 2/2
   214 | D:1      | 214 ||| DROPPING +0 club.
   638 | D:1      | 638 ||| UPGRADING to +0 plate armour.
   648 | D:1      | 648 ||| DROPPING +0 scale mail.
   649 | D:1      | 649 ||| DROPPING ring of flight.
   650 | D:1      | 650 ||| READING scroll labelled QISTOAQIWO.
   651 | D:1      | 651 ||| READING scroll labelled RIOFENW VUDIDU.
   652 | D:1      | 652 ||| READING scroll labelled KOUDDA WUFUW.
   653 | D:1      | 653 ||| READING scroll labelled ENESAE FOTHREWU.
   654 | D:1      | 654 ||| READING scroll labelled JESAGIZ GOHAST.
   757 | D:2      | Reached skill level 3 in Axes
   872 | D:2      | Noticed Robin
   874 | D:2      | Reached XP level 3. HP: 23/23 MP: 3/3
   890 | D:2      | Killed Robin
   948 | D:2      | Reached XP level 4. HP: 24/28 MP: 4/4
   972 | D:2      | 972 ||| DROPPING +3 whip.
   998 | D:2      | Reached skill level 4 in Axes
  1013 | D:2      | Found a faded altar of an unknown god.
  1015 | D:2      | 1015 ||| Stepping ~*~*~tactically~*~*~ (stealth).
  1078 | D:2      | 1078 ||| Stepping ~*~*~tactically~*~*~ (stealth).
  1080 | D:2      | 1080 ||| Stepping ~*~*~tactically~*~*~ (hiding).
  1472 | D:2      | 1472 ||| Stepping ~*~*~tactically~*~*~ (stealth).
  1755 | D:2      | Noticed Jessica
  1759 | D:2      | Killed Jessica
  1760 | D:2      | Reached XP level 5. HP: 32/32 MP: 5/5
  2062 | D:2      | 2062 ||| UPGRADING to +0 helmet.
  2067 | D:2      | 2067 ||| DROPPING ring of magical power.
  2068 | D:2      | 2068 ||| READING scroll labelled GINLOF TACAI.
  2069 | D:2      | 2069 ||| READING 2 scrolls labelled DIAPSU ERIE.
  2090 | D:2      | 2090 ||| DRINKING 2 grey potions.
  2091 | D:2      | 2091 ||| DROPPING scroll of torment.
  2305 | D:3      | 2305 ||| Stepping ~*~*~tactically~*~*~ (hiding).
  2333 | D:3      | 2333 ||| FLEEEEING.
  2334 | D:3      | 2334 ||| FLEEEEING.
  2342 | D:3      | Reached skill level 5 in Axes
  2432 | D:3      | 2432 ||| STAIRDANCE
  2502 | D:3      | Noticed Grinder
  2502 | D:3      | Paralysed by Grinder for 4 turns
  2518 | D:3      | 2518 ||| Stepping ~*~*~tactically~*~*~ (hiding).
  2521 | D:3      | 2521 ||| Stepping ~*~*~tactically~*~*~ (hiding).
  2522 | D:3      | 2522 ||| Stepping ~*~*~tactically~*~*~ (hiding).
  2523 | D:3      | 2523 ||| Stepping ~*~*~tactically~*~*~ (hiding).
  2525 | D:3      | 2525 ||| Stepping ~*~*~tactically~*~*~ (hiding).
  2539 | D:3      | Paralysed by Grinder for 3 turns
  2543 | D:3      | Killed Grinder
  2544 | D:3      | Reached XP level 6. HP: 17/41 MP: 6/6
  2677 | D:3      | 2677 ||| READING scroll labelled FETWOUXZYB.
  2678 | D:3      | 2678 ||| DRINKING 2 fizzy ruby potions.
  2678 | D:3      | Gained mutation: Your muscles are strong. (Str +4, Int/Dex
                  | -1) [potion of mutation]
  2678 | D:3      | Gained mutation: Your muscles are very strong. (Str +8,
                  | Int/Dex -2) [potion of mutation]
  2678 | D:3      | Gained mutation: Your flesh is heat resistant. (rF+)
                  | [potion of mutation]
  2678 | D:3      | Gained mutation: You are somewhat resistant to further
                  | mutation. [potion of mutation]
  2686 | D:3      | 2686 ||| STAIRDANCE
  3166 | D:4      | Noticed an orc warrior
  3167 | D:4      | 3167 ||| Stepping ~*~*~tactically~*~*~ (stealth).
  3183 | D:4      | Killed an orc warrior
  3184 | D:4      | Reached XP level 7. HP: 45/45 MP: 7/7
  3199 | D:4      | 3199 ||| Stepping ~*~*~tactically~*~*~ (stealth).
  3406 | D:4      | Reached skill level 6 in Axes
  3506 | D:4      | 3506 ||| Stepping ~*~*~tactically~*~*~ (hiding).
  3828 | D:4      | 3828 ||| Stepping ~*~*~tactically~*~*~ (stealth).
  3829 | D:4      | 3829 ||| Stepping ~*~*~tactically~*~*~ (stealth).
  3920 | D:4      | 3920 ||| READING scroll labelled LUOGRA EPTAF.
  3921 | D:4      | 3921 ||| READING 2 scrolls of identify.
  3921 | D:4      | 3921 ||| IDENTIFYING fuming yellow potion
  3922 | D:4      | 3922 ||| DROPPING potion of brilliance.
  3939 | D:5      | Entered Level 5 of the Dungeon
  3940 | D:5      | 3940 ||| PLANNING SEWER
  3944 | D:5      | 3944 ||| STAIRDANCE
  4067 | D:5      | Found a glowing drain.
  4081 | D:5      | 4081 ||| Stepping ~*~*~tactically~*~*~ (water).
  4091 | Sewer    | Entered a sewer
  4158 | Sewer    | 4158 ||| READING scroll of enchant weapon.
  4158 | Sewer    | 4158 ||| ENCHANTING +0 vampiric war axe.
  4181 | Sewer    | Noticed Pargi
  4235 | Sewer    | Killed Pargi
  4299 | Sewer    | 4299 ||| READING scroll labelled RAVIORPH AXKO.
  4300 | Sewer    | 4300 ||| READING scroll labelled AZUASH DUSTRIDO.
  4309 | D:5      | 4309 ||| PLANNING D:1-11
  4419 | D:5      | Reached skill level 7 in Axes
  4587 | D:5      | Reached XP level 8. HP: 49/51 MP: 8/8
  4809 | D:5      | 4809 ||| Stepping ~*~*~tactically~*~*~ (stealth).
  4819 | D:5      | Reached skill level 1 in Dodging
  5131 | D:5      | 5131 ||| READING scroll labelled MEHA HAYKHLEH.
  5132 | D:5      | 5132 ||| READING scroll labelled VASCHI PENK.
  5133 | D:5      | 5133 ||| READING scroll labelled VOTAQAFENA.
  5134 | D:5      | 5134 ||| DRINKING 3 smoky inky potions.
  5223 | D:6      | Reached skill level 8 in Axes
  5258 | D:6      | 5258 ||| FLEEEEING.
  5259 | D:6      | 5259 ||| FLEEEEING.
  5260 | D:6      | 5260 ||| FLEEEEING.
  5267 | D:6      | 5267 ||| STAIRDANCE
  5322 | D:5      | 5322 ||| READING 2 scrolls of identify.
  5322 | D:5      | 5322 ||| IDENTIFYING sedimented puce potion
  5334 | D:6      | 5334 ||| Stepping ~*~*~tactically~*~*~ (stealth).
  5354 | D:6      | Reached skill level 6 in Fighting
  5371 | D:6      | Noticed qw's ghost (novice NaHu)
  5380 | D:6      | Found a transporter.
  5445 | D:6      | Found Ikkusyac's Antique Weapon Shop.
  5448 | D:6      | 5448 ||| BUYING masterwork hand axe (168 gold).
  5448 | D:6      | Bought a masterwork hand axe for 168 gold pieces
  5448 | D:6      | Identified the +11 hand axe "Ylufua Likh" {protect, rC+
                  | Int+2} (You bought it in a shop on level 6 of the Dungeon)
  5448 | D:6      | 5448 ||| BUYING morningstar (84 gold).
  5448 | D:6      | Bought a morningstar for 84 gold pieces
  5448 | D:6      | 5448 ||| DROPPING +0 flail.
  5449 | D:6      | 5449 ||| DROPPING +0 hand axe.
  5499 | D:6      | Found a transporter.
  5521 | D:6      | Reached skill level 1 in Throwing
  5548 | D:6      | 5548 ||| Stepping ~*~*~tactically~*~*~ (stealth).
  5563 | D:6      | 5563 ||| Stepping ~*~*~tactically~*~*~ (stealth).
  5564 | D:6      | 5564 ||| Stepping ~*~*~tactically~*~*~ (stealth).
  5620 | D:6      | Noticed Blork the orc
  5621 | D:6      | 5621 ||| Stepping ~*~*~tactically~*~*~ (hiding).
  5622 | D:6      | 5622 ||| Stepping ~*~*~tactically~*~*~ (hiding).
  5634 | D:6      | Killed Blork the orc
  5663 | D:6      | Identified the +7 long sword "Joojem" {drain, Stlth+}
  5760 | D:6      | Reached skill level 9 in Axes
  5760 | D:6      | Reached XP level 9. HP: 55/55 MP: 9/9
  5776 | D:6      | 5776 ||| Stepping ~*~*~tactically~*~*~ (stealth).
  6126 | D:6      | 6126 ||| UPGRADING to ring of see invisible.
  6127 | D:6      | 6127 ||| DRINKING 2 sapphire potions.
  6185 | D:7      | Noticed Menkaure
  6192 | D:7      | Killed Menkaure
  6241 | D:7      | 6241 ||| Stepping ~*~*~tactically~*~*~ (stealth).
  6348 | D:7      | 6348 ||| Stepping ~*~*~tactically~*~*~ (stealth).
  6358 | D:7      | 6358 ||| Stepping ~*~*~tactically~*~*~ (stealth).
  6360 | D:7      | 6360 ||| Stepping ~*~*~tactically~*~*~ (stealth).
  6407 | D:7      | 6407 ||| Stepping ~*~*~tactically~*~*~ (stealth).
  6408 | D:7      | 6408 ||| Stepping ~*~*~tactically~*~*~ (stealth).
  6426 | D:7      | 6426 ||| Stepping ~*~*~tactically~*~*~ (hiding).
  6448 | D:7      | 6448 ||| Stepping ~*~*~tactically~*~*~ (stealth).
  6456 | D:7      | Reached skill level 10 in Axes
  6640 | D:7      | Found a staircase to the Ecumenical Temple.
  6641 | D:7      | 6641 ||| PLANNING TEMPLE
  6641 | D:7      | 6641 ||| UPGRADING to ring of positive energy.
  6642 | D:7      | 6642 ||| READING scroll labelled ANIEBO HI POO.
  6646 | D:7      | 6646 ||| DRINKING 2 ruby potions.
  6647 | D:7      | 6647 ||| READING 4 scrolls of identify.
  6647 | D:7      | 6647 ||| IDENTIFYING lumpy amethyst potion
  6648 | D:7      | 6648 ||| READING 3 scrolls of identify.
  6648 | D:7      | 6648 ||| IDENTIFYING fizzy emerald potion
  6701 | Temple   | Entered the Ecumenical Temple
  6742 | Temple   | 6742 ||| PLANNING OKAWARU WORSHIP
  7163 | Temple   | Became a worshipper of Warmaster Okawaru
  7164 | Temple   | 7164 ||| PLANNING D:1-11
  7242 | D:8      | Reached skill level 6 in Armour
  7263 | D:8      | 7263 ||| FLEEEEING.
  7264 | D:8      | 7264 ||| STAIRDANCE
  7310 | D:8      | 7310 ||| STAIRDANCE
  7325 | D:8      | 7325 ||| STAIRDANCE
  7452 | D:8      | 7452 ||| Stepping ~*~*~tactically~*~*~ (hiding).
  7457 | D:8      | Reached XP level 10. HP: 63/63 MP: 10/10
  7537 | D:8      | Found Bolig's Weapon Shoppe.
  7544 | D:8      | 7544 ||| READING scroll of enchant armour.
  7544 | D:8      | 7544 ||| ENCHANTING +0 helmet.
  7560 | D:8      | Reached * piety under Okawaru
  7755 | D:8      | Reached skill level 1 in Invocations
  7798 | D:8      | 7798 ||| Stepping ~*~*~tactically~*~*~ (hiding).
  7805 | D:8      | Found Orhaf's Tiny Tomes.
  7955 | D:8      | 7955 ||| UPGRADING to +5 ring of evasion.
  7957 | D:8      | 7957 ||| UPGRADING to ring of see invisible.
  8055 | D:9      | 8055 ||| Stepping ~*~*~tactically~*~*~ (hiding).
  8056 | D:9      | 8056 ||| Stepping ~*~*~tactically~*~*~ (hiding).
  8057 | D:9      | 8057 ||| Stepping ~*~*~tactically~*~*~ (hiding).
  8252 | D:9      | 8252 ||| INVOKING Heroism.
  8259 | D:9      | Reached skill level 3 in Invocations
  8353 | D:9      | 8353 ||| INVOKING Heroism.
  8402 | D:9      | 8402 ||| Stepping ~*~*~tactically~*~*~ (hiding).
  8403 | D:9      | 8403 ||| Stepping ~*~*~tactically~*~*~ (hiding).
  8530 | D:9      | Found a flagged portal.
  8649 | D:9      | Found a sacrificial altar of Ru.
  8679 | D:9      | Found a blossoming altar of Fedhas.
  9003 | D:9      | 9003 ||| READING 4 scrolls of identify.
  9003 | D:9      | 9003 ||| IDENTIFYING metallic black potion
  9029 | D:10     | Entered Level 10 of the Dungeon
  9030 | D:10     | 9030 ||| INVOKING Heroism.
  9200 | D:10     | 9200 ||| Stepping ~*~*~tactically~*~*~ (stealth).
  9203 | D:10     | 9203 ||| Stepping ~*~*~tactically~*~*~ (stealth).
  9212 | D:10     | Reached skill level 11 in Axes
  9221 | D:10     | 9221 ||| INVOKING Heroism.
  9279 | D:10     | 9279 ||| Stepping ~*~*~tactically~*~*~ (stealth).
  9301 | D:10     | Reached ** piety under Okawaru
  9320 | D:10     | 9320 ||| Stepping ~*~*~tactically~*~*~ (hiding).
  9321 | D:10     | 9321 ||| Stepping ~*~*~tactically~*~*~ (hiding).
  9331 | D:10     | 9331 ||| FLEEEEING.
  9332 | D:10     | 9332 ||| FLEEEEING.
  9333 | D:10     | 9333 ||| FLEEEEING.
  9465 | D:10     | 9465 ||| Stepping ~*~*~tactically~*~*~ (stealth).
  9549 | D:10     | Noticed a kobold demonologist
  9550 | D:10     | 9550 ||| Stepping ~*~*~tactically~*~*~ (hiding).
  9554 | D:10     | 9554 ||| Stepping ~*~*~tactically~*~*~ (hiding).
  9559 | D:10     | 9559 ||| INVOKING Heroism.
  9562 | D:10     | Noticed a soul eater
  9563 | D:10     | Killed a kobold demonologist
  9564 | D:10     | Reached skill level 9 in Fighting
  9564 | D:10     | Reached XP level 11. HP: 71/71 MP: 11/14
  9633 | D:10     | 9633 ||| INVOKING Heroism.
  9713 | D:10     | 9713 ||| INVOKING Heroism.
  9780 | D:10     | Found an ornate altar of the Wu Jian Council.
  9794 | D:10     | 9794 ||| Stepping ~*~*~tactically~*~*~ (stealth).
  9796 | D:10     | 9796 ||| Stepping ~*~*~tactically~*~*~ (hiding).
  9800 | D:10     | 9800 ||| INVOKING Heroism.
  9826 | D:10     | 9826 ||| Stepping ~*~*~tactically~*~*~ (stealth).
  9865 | D:10     | 9865 ||| INVOKING Heroism.
 10086 | D:10     | 10086 ||| INVOKING Heroism.
 10130 | D:10     | 10130 ||| UPGRADING to +1 plate armour of cold resistance.
 10141 | D:10     | 10141 ||| DROPPING +0 plate armour.
 10181 | D:11     | Noticed Maurice
 10184 | D:11     | Noticed Harold
 10185 | D:11     | 10185 ||| INVOKING Heroism.
 10191 | D:11     | Killed Maurice
 10201 | D:11     | 10201 ||| INVOKING Heroism.
 10204 | D:11     | Killed Harold
 10205 | D:11     | Reached skill level 12 in Axes
 10217 | D:11     | 10217 ||| INVOKING Heroism.
 10231 | D:11     | Reached skill level 6 in Shields
 10550 | D:11     | 10550 ||| INVOKING Heroism.
 10661 | D:11     | Found a staircase to the Lair.
 10662 | D:11     | 10662 ||| INVOKING Heroism.
 10881 | D:11     | 10881 ||| INVOKING Heroism.
 10900 | D:11     | Reached skill level 3 in Throwing
 11009 | D:11     | 11009 ||| PLANNING LAIR
 11009 | D:11     | 11009 ||| UPGRADING to +0 cloak.
 11034 | Lair:1   | Entered Level 1 of the Lair of Beasts
 11055 | Lair:1   | Reached *** piety under Okawaru
 11064 | Lair:1   | 11064 ||| STAIRDANCE
 11133 | Lair:1   | 11133 ||| READING 2 scrolls of enchant weapon.
 11133 | Lair:1   | 11133 ||| ENCHANTING +1 vampiric war axe.
 11134 | Lair:1   | 11134 ||| READING scroll of enchant weapon.
 11134 | Lair:1   | 11134 ||| ENCHANTING +2 vampiric war axe.
 11145 | Lair:1   | 11145 ||| Stepping ~*~*~tactically~*~*~ (stealth).
 11146 | Lair:1   | 11146 ||| Stepping ~*~*~tactically~*~*~ (stealth).
 11147 | Lair:1   | 11147 ||| Stepping ~*~*~tactically~*~*~ (stealth).
 11150 | Lair:1   | 11150 ||| INVOKING Heroism.
 11177 | Lair:1   | Noticed Nergalle
 11178 | Lair:1   | 11178 ||| Stepping ~*~*~tactically~*~*~ (hiding).
 11181 | Lair:1   | 11181 ||| INVOKING Heroism.
 11204 | Lair:1   | Killed Nergalle
 11208 | Lair:1   | 11208 ||| Stepping ~*~*~tactically~*~*~ (stealth).
 11210 | Lair:1   | 11210 ||| Stepping ~*~*~tactically~*~*~ (stealth).
 11213 | Lair:1   | 11213 ||| INVOKING Heroism.
 11254 | Lair:1   | Reached XP level 12. HP: 75/77 MP: 15/15
 11319 | Lair:1   | 11319 ||| Stepping ~*~*~tactically~*~*~ (stealth).
 11386 | Lair:1   | 11386 ||| Stepping ~*~*~tactically~*~*~ (stealth).
 11401 | Lair:1   | Reached skill level 13 in Axes
 11466 | Lair:1   | Reached **** piety under Okawaru
 11896 | Lair:1   | 11896 ||| UPGRADING to +0 pair of gloves.
 11901 | Lair:1   | 11901 ||| DROPPING ring of positive energy.
 11929 | Lair:2   | Noticed a skyshark
 11944 | Lair:2   | Killed a skyshark
 12038 | Lair:2   | 12038 ||| Stepping ~*~*~tactically~*~*~ (water).
 12119 | Lair:2   | 12119 ||| Stepping ~*~*~tactically~*~*~ (stealth).
 12121 | Lair:2   | 12121 ||| Stepping ~*~*~tactically~*~*~ (stealth).
 12128 | Lair:2   | Found a hole to the Spider Nest.
 12136 | Lair:2   | Reached skill level 9 in Armour
 12370 | Lair:2   | 12370 ||| INVOKING Heroism.
 12409 | Lair:2   | 12409 ||| INVOKING Heroism.
 12456 | Lair:2   | 12456 ||| Stepping ~*~*~tactically~*~*~ (stealth).
 12462 | Lair:2   | 12462 ||| Stepping ~*~*~tactically~*~*~ (stealth).
 12463 | Lair:2   | 12463 ||| Stepping ~*~*~tactically~*~*~ (stealth).
 12464 | Lair:2   | 12464 ||| Stepping ~*~*~tactically~*~*~ (stealth).
 12476 | Lair:2   | Reached skill level 6 in Invocations
 12478 | Lair:2   | Reached ***** piety under Okawaru
 12489 | Lair:2   | 12489 ||| Stepping ~*~*~tactically~*~*~ (stealth).
 12504 | Lair:2   | Received a gift from Okawaru
 12923 | Lair:2   | 12923 ||| READING scroll labelled RYULEL NUISIT.
 13030 | Lair:3   | 13030 ||| READING scroll of enchant weapon.
 13030 | Lair:3   | 13030 ||| ENCHANTING +3 vampiric war axe.
 13053 | Lair:3   | 13053 ||| Stepping ~*~*~tactically~*~*~ (stealth).
 13055 | Lair:3   | 13055 ||| Stepping ~*~*~tactically~*~*~ (stealth).
 13093 | Lair:3   | 13093 ||| Stepping ~*~*~tactically~*~*~ (stealth).
 13095 | Lair:3   | 13095 ||| Stepping ~*~*~tactically~*~*~ (stealth).
 13158 | Lair:3   | Noticed a six-headed hydra
 13161 | Lair:3   | 13161 ||| INVOKING Heroism.
 13162 | Lair:3   | 13162 ||| SWAPPING to +0 morningstar.
 13163 | Lair:3   | 13163 ||| INVOKING Finesse.
 13169 | Lair:3   | Killed a six-headed hydra
 13170 | Lair:3   | 13170 ||| SWAPPING to +4 vampiric war axe.
 13230 | Lair:3   | 13230 ||| Stepping ~*~*~tactically~*~*~ (stealth).
 13232 | Lair:3   | 13232 ||| INVOKING Heroism.
 13235 | Lair:3   | Noticed a skyshark
 13244 | Lair:3   | Received a gift from Okawaru
 13245 | Lair:3   | Reached XP level 13. HP: 82/82 MP: 17/19
 13273 | Lair:3   | 13273 ||| INVOKING Heroism.
 13287 | Lair:3   | Reached skill level 14 in Axes
 13287 | Lair:3   | Reached skill level 9 in Invocations
 13493 | Lair:3   | Found a staircase to the Shoals.
 13526 | Lair:3   | 13526 ||| INVOKING Heroism.
 14266 | Lair:4   | 14266 ||| Stepping ~*~*~tactically~*~*~ (hiding).
 14308 | Lair:4   | 14308 ||| INVOKING Heroism.
 14529 | Lair:4   | Found a staircase to the Slime Pits.
 14667 | Lair:4   | 14667 ||| Stepping ~*~*~tactically~*~*~ (stealth).
 14721 | Lair:4   | 14721 ||| INVOKING Heroism.
 14817 | Lair:4   | 14817 ||| Stepping ~*~*~tactically~*~*~ (stealth).
 14826 | Lair:4   | 14826 ||| Stepping ~*~*~tactically~*~*~ (stealth).
 14828 | Lair:4   | 14828 ||| Stepping ~*~*~tactically~*~*~ (stealth).
 15175 | Lair:4   | 15175 ||| DROPPING orb of light.
 15176 | Lair:4   | 15176 ||| DROPPING +0 plate armour of positive energy.
 15203 | Lair:5   | Entered Level 5 of the Lair of Beasts
 15204 | Lair:5   | 15204 ||| Stepping ~*~*~tactically~*~*~ (hiding).
 15231 | Lair:5   | 15231 ||| Stepping ~*~*~tactically~*~*~ (stealth).
 15234 | Lair:5   | 15234 ||| INVOKING Heroism.
 15235 | Lair:5   | 15235 ||| INVOKING Finesse.
 15241 | Lair:5   | 15241 ||| SWAPPING to +0 morningstar.
 15247 | Lair:5   | 15247 ||| SWAPPING to +4 vampiric war axe.
 15313 | Lair:5   | Identified the +3 chain mail "Reczixt" {rF+} (Okawaru
                  | gifted it to you on level 5 of the Lair of Beasts)
 15313 | Lair:5   | Received a gift from Okawaru
 15583 | Lair:5   | 15583 ||| Stepping ~*~*~tactically~*~*~ (stealth).
 15589 | Lair:5   | 15589 ||| INVOKING Heroism.
 15591 | Lair:5   | 15591 ||| INVOKING Finesse.
 15605 | Lair:5   | 15605 ||| SWAPPING to +0 morningstar.
 15621 | Lair:5   | 15621 ||| SWAPPING to +4 vampiric war axe.
 15650 | Lair:5   | 15650 ||| Stepping ~*~*~tactically~*~*~ (stealth).
 15652 | Lair:5   | 15652 ||| Stepping ~*~*~tactically~*~*~ (stealth).
 15671 | Lair:5   | 15671 ||| Stepping ~*~*~tactically~*~*~ (stealth).
 15673 | Lair:5   | 15673 ||| Stepping ~*~*~tactically~*~*~ (stealth).
 15928 | Lair:5   | 15928 ||| INVOKING Heroism.
 15937 | Lair:5   | Reached skill level 15 in Axes
 15937 | Lair:5   | Gained mutation: Your large and strong wings let you fly.
                  | [Gargoyle growth]
 15937 | Lair:5   | Reached XP level 14. HP: 90/90 MP: 19/21
 16119 | Lair:5   | 16119 ||| DROPPING +1 chain mail of fire resistance.
 16120 | Lair:5   | 16120 ||| DROPPING ring of wizardry.
 16253 | Lair:5   | 16253 ||| INVOKING Heroism.
 16254 | Lair:5   | 16254 ||| INVOKING Finesse.
 16315 | Lair:5   | 16315 ||| Stepping ~*~*~tactically~*~*~ (hiding).
 16316 | Lair:5   | 16316 ||| Stepping ~*~*~tactically~*~*~ (hiding).
 16317 | Lair:5   | 16317 ||| Stepping ~*~*~tactically~*~*~ (hiding).
 16328 | Lair:5   | 16328 ||| Stepping ~*~*~tactically~*~*~ (hiding).
 16358 | Lair:5   | 16358 ||| Stepping ~*~*~tactically~*~*~ (stealth).
 16366 | Lair:5   | 16366 ||| Stepping ~*~*~tactically~*~*~ (stealth).
 16449 | Lair:5   | 16449 ||| INVOKING Heroism.
 16523 | Lair:5   | 16523 ||| INVOKING Heroism.
 16526 | Lair:5   | 16526 ||| SWAPPING to +0 morningstar.
 16534 | Lair:5   | 16534 ||| SWAPPING to +4 vampiric war axe.
 16555 | Lair:5   | Found a large runed translucent door.
 16555 | Lair:5   | Found a large runed translucent door.
 16594 | Lair:5   | 16594 ||| INVOKING Heroism.
 16690 | Lair:5   | 16690 ||| Stepping ~*~*~tactically~*~*~ (stealth).
 16692 | Lair:5   | 16692 ||| Stepping ~*~*~tactically~*~*~ (stealth).
 16709 | Lair:5   | Reached skill level 12 in Fighting
 16710 | Lair:5   | 16710 ||| Stepping ~*~*~tactically~*~*~ (stealth).
 16725 | Lair:5   | Received a gift from Okawaru
 16809 | Lair:5   | 16809 ||| Stepping ~*~*~tactically~*~*~ (stealth).
 16816 | Lair:5   | 16816 ||| Stepping ~*~*~tactically~*~*~ (hiding).
 16855 | Lair:5   | 16855 ||| DROPPING +0 morningstar.
 16857 | Lair:5   | 16857 ||| Stepping ~*~*~tactically~*~*~ (hiding).
 16858 | Lair:5   | 16858 ||| Stepping ~*~*~tactically~*~*~ (hiding).
 16965 | Lair:5   | 16965 ||| PLANNING D
 16973 | Lair:5   | 16973 ||| PLANNING LAIR
 16980 | Lair:5   | 16980 ||| PLANNING D
 16997 | Lair:5   | 16997 ||| PLANNING LAIR
 17016 | Lair:5   | 17016 ||| PLANNING D
 17041 | Lair:5   | 17041 ||| PLANNING LAIR
 17067 | Lair:5   | 17067 ||| Stepping randomly (stuck).
 17068 | Lair:5   | 17068 ||| PLANNING D
 17267 | D:12     | 17267 ||| Stepping ~*~*~tactically~*~*~ (hiding).
 17327 | D:12     | 17327 ||| Stepping ~*~*~tactically~*~*~ (stealth).
 17490 | D:12     | 17490 ||| FLEEEEING.
 17491 | D:12     | 17491 ||| FLEEEEING.
 17492 | D:12     | 17492 ||| FLEEEEING.
 17493 | D:12     | 17493 ||| FLEEEEING.
 17494 | D:12     | 17494 ||| FLEEEEING.
 17512 | D:12     | 17512 ||| FLEEEEING.
 17521 | D:12     | 17521 ||| Stepping ~*~*~tactically~*~*~ (hiding).
 17522 | D:12     | 17522 ||| Stepping ~*~*~tactically~*~*~ (hiding).
 17523 | D:12     | 17523 ||| Stepping ~*~*~tactically~*~*~ (hiding).
 17798 | D:12     | 17798 ||| Stepping ~*~*~tactically~*~*~ (hiding).
 17799 | D:12     | 17799 ||| Stepping ~*~*~tactically~*~*~ (hiding).
 17806 | D:12     | 17806 ||| Stepping ~*~*~tactically~*~*~ (stealth).
 17828 | D:12     | 17828 ||| Stepping ~*~*~tactically~*~*~ (stealth).
 18142 | D:12     | Found a sparkling altar of Nemelex Xobeh.
 18289 | D:12     | 18289 ||| INVOKING Heroism.
 18315 | D:12     | HP: 14/92 [skeletal warrior/+0 halberd (10)]
 18316 | D:12     | 18316 ||| READING scroll of teleportation.
 18317 | D:12     | 18317 ||| DRINKING 6 potions of heal wounds.
 18510 | D:12     | 18510 ||| INVOKING Heroism.
 18730 | D:12     | 18730 ||| READING 12 scrolls of identify.
 18730 | D:12     | 18730 ||| IDENTIFYING puce potion
 18731 | D:12     | 18731 ||| DROPPING potion of degeneration.
 18770 | D:13     | 18770 ||| STAIRDANCE
 18843 | D:13     | 18843 ||| DRINKING 3 potions of curing.
 18843 | D:13     | 18843 ||| (to cure confusion)
 19327 | D:13     | Identified the +3 robe "Neamm" {Int+2}
 19640 | D:13     | 19640 ||| INVOKING Heroism.
 19643 | D:13     | Received a gift from Okawaru
 19646 | D:13     | Reached skill level 16 in Axes
 19711 | D:13     | Found a gate to the Vaults.
 19719 | D:13     | 19719 ||| INVOKING Heroism.
 19947 | D:13     | Identified the +2 ring mail of Jigsaw {rCorr Int+2}
 20320 | D:14     | 20320 ||| READING scroll of enchant weapon.
 20320 | D:14     | 20320 ||| ENCHANTING +4 vampiric war axe.
 20335 | D:14     | 20335 ||| Stepping ~*~*~tactically~*~*~ (hiding).
 20338 | D:14     | 20338 ||| Stepping ~*~*~tactically~*~*~ (hiding).
 20380 | D:14     | 20380 ||| Stepping ~*~*~tactically~*~*~ (hiding).
 20413 | D:14     | 20413 ||| Stepping ~*~*~tactically~*~*~ (stealth).
 20417 | D:14     | 20417 ||| Stepping ~*~*~tactically~*~*~ (hiding).
 20474 | D:14     | 20474 ||| Stepping ~*~*~tactically~*~*~ (stealth).
 20514 | D:14     | Reached XP level 15. HP: 94/98 MP: 22/22
 20519 | D:14     | Identified the +2 broad axe "Siaf" {flame, Str+3 Dex+3}
                  | (Okawaru gifted it to you on level 14 of the Dungeon)
 20519 | D:14     | Received a gift from Okawaru
 20532 | D:14     | Reached skill level 12 in Armour
 20543 | D:14     | 20543 ||| DROPPING +11 hand axe "Ylufua Likh" {protect, rC+
                  | Int+2}.
 20544 | D:14     | 20544 ||| DROPPING +0 war axe.
 20545 | D:14     | 20545 ||| DROPPING +2 morningstar of protection.
 20546 | D:14     | 20546 ||| DROPPING +2 morningstar of holy wrath.
 20591 | D:14     | 20591 ||| Stepping ~*~*~tactically~*~*~ (hiding).
 20592 | D:14     | 20592 ||| Stepping ~*~*~tactically~*~*~ (hiding).
 20759 | D:14     | Found a runed translucent gate.
 20759 | D:14     | Noticed qw's ghost (journeyman GrFi)
 20760 | D:14     | Found a runed translucent gate.
 20761 | D:14     | Found a runed translucent gate.
 21697 | D:15     | Entered Level 15 of the Dungeon
 21698 | D:15     | 21698 ||| INVOKING Heroism.
 21699 | D:15     | 21699 ||| SWAPPING to +2 broad axe "Siaf" {flame, Str+3
                  | Dex+3}.
 21707 | D:15     | 21707 ||| SWAPPING to +5 vampiric war axe.
 21724 | D:15     | Noticed Rupert
 21725 | D:15     | 21725 ||| INVOKING Finesse.
 21754 | D:15     | Killed Rupert
 21754 | D:15     | Received a gift from Okawaru
 21755 | D:15     | Reached skill level 3 in Dodging
 21878 | D:15     | Reached skill level 9 in Shields
 21886 | D:15     | 21886 ||| Stepping ~*~*~tactically~*~*~ (hiding).
 21888 | D:15     | 21888 ||| Stepping ~*~*~tactically~*~*~ (hiding).
 21897 | D:15     | 21897 ||| INVOKING Heroism.
 21902 | D:15     | Received a gift from Okawaru
 22092 | D:15     | 22092 ||| READING scroll of enchant weapon.
 22092 | D:15     | 22092 ||| ENCHANTING +5 vampiric war axe.
 22109 | D:15     | 22109 ||| INVOKING Heroism.
 22205 | D:15     | 22205 ||| Stepping ~*~*~tactically~*~*~ (hiding).
 22209 | D:15     | 22209 ||| INVOKING Heroism.
 22230 | D:15     | Found a staircase to the Depths.
 22281 | D:15     | Identified the +3 spear "Dorexe" {venom, *Corrode rN+
                  | Dex+2}
 22330 | D:15     | 22330 ||| Stepping ~*~*~tactically~*~*~ (hiding).
 22435 | D:15     | 22435 ||| INVOKING Heroism.
 22436 | D:15     | 22436 ||| SWAPPING to +2 broad axe "Siaf" {flame, Str+3
                  | Dex+3}.
 22440 | D:15     | 22440 ||| SWAPPING to +6 vampiric war axe.
 22543 | D:15     | 22543 ||| PLANNING ORC
 22714 | D:8      | 22714 ||| PLANNING D:1-11
 22714 | D:8      | 22714 ||| Stepping randomly (stuck).
 22719 | D:9      | 22719 ||| PLANNING ORC
 22751 | D:9      | 22751 ||| PLANNING D:1-11
 22769 | D:8      | 22769 ||| Stepping randomly (stuck).
 22770 | D:8      | 22770 ||| PLANNING ORC
 22819 | D:7      | 22819 ||| PLANNING D:1-11
 22921 | D:9      | 22921 ||| PLANNING ORC
 22991 | D:8      | 22991 ||| PLANNING D:1-11
 22991 | D:8      | 22991 ||| Stepping randomly (stuck).
 22992 | D:8      | 22992 ||| PLANNING ORC
 47730 | D:8      | Glimpsed the power of Zot.
 48230 | D:8      | Glimpsed the power of Zot.
 48237 | D:7      | 48237 ||| PLANNING D:1-11
 48621 | D:6      | Glimpsed the power of Zot.
 48718 | D:7      | Touched by the power of Zot (MHP 100 -> 81)
 48719 | D:7      | Glimpsed the power of Zot.
 49206 | D:6      | Glimpsed the power of Zot.
 49596 | D:6      | Glimpsed the power of Zot.
 49693 | D:7      | Touched by the power of Zot (MHP 84 -> 67)
 49694 | D:7      | Glimpsed the power of Zot.
 50181 | D:6      | Glimpsed the power of Zot.
 50571 | D:6      | Glimpsed the power of Zot.
 50668 | D:7      | Touched by the power of Zot (MHP 71 -> 57)
 50669 | D:7      | Glimpsed the power of Zot.
 51156 | D:6      | Glimpsed the power of Zot.
 51546 | D:6      | Glimpsed the power of Zot.
 51643 | D:7      | Touched by the power of Zot (MHP 60 -> 47)
 51644 | D:7      | Glimpsed the power of Zot.
 51649 | D:7      | 51649 ||| PLANNING D:1-11
 51649 | D:7      | 51649 ||| PLANNING D:1-11
 51649 | D:7      | 51649 ||| PLANNING D:1-11
 51682 | D:7      | 51682 ||| PLANNING D:1-11
 51752 | D:7      | 51752 ||| PLANNING D:1-11
 51968 | D:10     | 51968 ||| Stepping ~*~*~tactically~*~*~ (hiding).
 51970 | D:10     | 51970 ||| Stepping ~*~*~tactically~*~*~ (hiding).
 51972 | D:10     | 51972 ||| DRINKING 3 potions of curing.
 51972 | D:10     | 51972 ||| (to cure confusion)
 52138 | D:10     | Glimpsed the power of Zot.
 52252 | D:9      | 52252 ||| PLANNING ORC
 52331 | D:8      | 52331 ||| PLANNING D:1-11
 52331 | D:8      | 52331 ||| Stepping randomly (stuck).
 52332 | D:8      | 52332 ||| Stepping randomly (stuck).
 52333 | D:8      | 52333 ||| Stepping randomly (stuck).
 52334 | D:8      | 52334 ||| Stepping randomly (stuck).
 52401 | Temple   | Quit the game

Levels and vault maps discovered:
D:1:      spicycebolla_arrival_risky_transporter, layout_basic
D:2:      wad_lake_hut, layout_loops_corners, nicolae_ecumenical_snake_handling,
          grunt_decor_one_mirror, hangedman_decor_clover_reticule, uniq_robin,
          uniq_jessica
D:3:      layout_basic, uniq_grinder
D:4:      layout_gridville, amcnicky_mini_corridor_feature
D:5:      layout_loops_ring, cheibrodos_sewer_entry_bend
D:6:      layout_basic, serial_shops, nicolae_shop_behind_doors,
          gammafunk_ghost_stat_death, nicolae_benzene_ring, uniq_blork_the_orc
D:7:      layout_rooms, minmay_temple_entry_poolview, minmay_alternating_orb,
          uniq_menkaure
D:8:      layout_rooms, serial_shops, shop, nicolae_shop_i_like_small_books_too
D:9:      layout_small_grid, mainiacjoe_overflow_two_lobes, enter_bailey_4
D:10:     layout_irregular_city, general_overflow_altar, erik_orc_2,
          minmay_ruffians
D:11:     layout_rooms, grunt_lair_entry_orc_guard_hut, hangedman_fish_farm,
          uniq_maurice, uniq_harold
D:12:     layout_basic, serial_park_tiny_1, nemelex_spade_bored_becter
D:13:     cheibrodos_statue_roulette, layout_loops_ring, david_vaults_1,
          grunt_decor_cap, lemuel_flamethrower_2
D:14:     layout_rooms, biasface_ghost_orc_armoury, minivault_19
D:15:     grunt_enter_depths_hoard, layout_cave_pools, nrook_uturn, uniq_rupert
Temple:   compressed_dpeg_triangle_lava_temple
Lair:1:   layout_loops_ring, infiniplex_staircase_pool_2, uniq_nergalle
Lair:2:   layout_concentric_octagons, nicolae_spider_entry_tight_spaces,
          serial_bayou_shore_b, serial_bayou_shore_a, grunt_megastairs_3
Lair:3:   statuecave_lemuel, layout_gridlike, nicolae_shoals_entry_roost
Lair:4:   layout_cave_pods, nicolae_slime_entry_field_trip
Lair:5:   cheibrodos_lair_end_hotspot, layout_hall_layers

Skill      XL: |  1  2  3  4  5  6  7  8  9 10 11 12 13 14 15 |
---------------+----------------------------------------------+-----
Axes           | 2 3 4 5 7 9 10 11 12 13 15 16 | 16.0
Fighting       | 5 6 7 9 10 11 13 | 13.7
Armour         | 4 6 7 8 9 10 11 12 | 12.2
Dodging        | 1 2 3 |  3.2
Throwing       | 1 3 4 5 |  5.0
Shields        | 4 5 6 7 8 9 |  9.0
Invocations    | 4 8 10 | 10.0

Action                     |  1- 3 |  4- 6 |  7- 9 | 10-12 | 13-15 || total
---------------------------+-------+-------+-------+-------+-------++-------
  Melee: War axe           |    94 |   167 |   432 |   661 |   847 ||  2201
         Morningstar       |       |       |       |     6 |    27 ||    33
         Broad axe         |       |       |       |       |    10 ||    10
  Throw: Boomerang         |       |       |    38 |   251 |    40 ||   329
         Javelin           |       |       |       |    30 |    16 ||    46
 Invoke: Heroism           |       |       |       |    23 |    20 ||    43
         Finesse           |       |       |       |     1 |     4 ||     5
    Use: Scroll            |     5 |     3 |    12 |     6 |     4 ||    30
         Potion            |       |     2 |     3 |       |     3 ||     8
 Armour: Scale mail        |    28 |       |       |       |       ||    28
         Plate armour      |    33 |   135 |   349 |   347 |   453 ||  1317
  Dodge: Dodged            |    38 |    49 |   181 |   363 |   409 ||  1040
  Block: Buckler           |    16 |    37 |    83 |   154 |   171 ||   461

Table legend:
 A = Non-vault XP
 B = Vault XP
 C = Vault XP percentage of total XP
 D = Non-vault monster count
 E = Vault monster count
 F = Vault count percentage of total count
                 A         B        C        D         E       F
            +---------+---------+-------+---------+---------+-------
      Total |   85060 |   24128 |  22.1 |     438 |     124 |  22.1
            +---------+---------+-------+---------+---------+-------
        D:1 |      24 |       0 |   0.0 |      15 |       0 |   0.0
        D:2 |      73 |     116 |  61.4 |      25 |      17 |  40.5
        D:3 |      91 |     262 |  74.2 |      14 |       1 |   6.7
        D:4 |     337 |       0 |   0.0 |      23 |       0 |   0.0
        D:5 |     471 |       5 |   1.1 |      22 |       1 |   4.3
        D:6 |     919 |      99 |   9.7 |      28 |       1 |   3.4
        D:7 |     798 |    1127 |  58.5 |      16 |      16 |  50.0
        D:8 |    1360 |       0 |   0.0 |      18 |       0 |   0.0
        D:9 |    1410 |      12 |   0.8 |      17 |       5 |  22.7
       D:10 |    2131 |    1556 |  42.2 |      26 |      17 |  39.5
       D:11 |    2287 |    2340 |  50.6 |      12 |       7 |  36.8
       D:12 |    7286 |       0 |   0.0 |      26 |       0 |   0.0
       D:13 |    2838 |    4156 |  59.4 |      21 |       9 |  30.0
       D:14 |   17491 |       0 |   0.0 |      34 |       0 |   0.0
       D:15 |    7793 |    3739 |  32.4 |      13 |       3 |  18.8
     Lair:1 |    4357 |     779 |  15.2 |      23 |       1 |   4.2
     Lair:2 |    4780 |    1513 |  24.0 |      19 |       8 |  29.6
     Lair:3 |    9368 |     592 |   5.9 |      35 |       1 |   2.8
     Lair:4 |    6793 |     129 |   1.9 |      19 |       3 |  13.6
     Lair:5 |   14453 |    7560 |  34.3 |      32 |      28 |  46.7
      Sewer |       0 |     143 | 100.0 |       0 |       6 | 100.0
            +---------+---------+-------+---------+---------+-------
